 Dungeon Crawl Stone Soup version 0.29.1-14-g9c671dbff4 (webtiles) character file.

Game seed: 12309130994948594388

69 cghgu1 the Trooper (level 4, -1/45 HPs)
             Began as a Troll Fighter on Feb 15, 2023.
             Succumbed to a kobold's poison
             ... on level 3 of the Dungeon.
             The game lasted 00:06:15 (1078 turns).

cghgu1 the Trooper (Troll Fighter)                  Turns: 1078, Time: 00:06:15

Health: -1/45      AC:  4    Str: 26    XL:     4   Next: 2%
Magic:  3/3        EV: 10    Int:  4    God:
Gold:   143        SH:  0    Dex:  9    Spells: 3/3 levels left

rFire   . . .      SeeInvis .   a - +0 trident
rCold   . . .      Faith    .   (no shield)
rNeg    . . .      Spirit   .   b - +0 robe
rPois   .          Reflect  .   (helmet restricted)
rElec   .          Harm     .   (no cloak)
rCorr   .          Rampage  .   (gloves unavailable)
Will    .....                   (boots unavailable)
Stlth   +.........              (no amulet)
HPRegen 0.95/turn               (no ring)
MPRegen 0.08/turn               (no ring)

@: lethally poisoned (-1 -> -23), weak-willed, hasted, invisible, very quick
A: large, unfitting armour, claws 3, regeneration 1, shaggy fur 1, tough skin 1
a: no special abilities


You were on level 3 of the Dungeon.
You visited 1 branch of the dungeon, and saw 3 of its levels.

You collected 143 gold pieces.

Inventory:

Hand Weapons
 a - a +0 trident (weapon)
Armour
 b - a +0 robe (worn)
 c - a +0 kite shield
 k - an orb of wrath
Wands
 q - a wand of charming (9)
Scrolls
 e - a scroll of blinking
 f - a scroll of butterflies
 h - 2 scrolls of teleportation {unknown}
 i - a scroll of identify {unknown}
 n - a scroll of enchant armour {unknown}
Potions
 d - 2 potions of might
 j - a potion of berserk rage
 l - a potion of ambrosia {unknown}
 m - a potion of invisibility
 p - a potion of flight {unknown}
 r - a potion of degeneration {unknown}


   Skills:
 * Level 3.4 Fighting
 + Level 2.6 Polearms
 - Level 2.4 Dodging
 - Level 2.6 Shields


You had 3 spell levels left.
You didn't know any spells.
Your spell library contained the following spells:

 Spells                   Type           Power      Damage    Failure   Level
 Magic Dart               Conj           0%         1d3       50%         1
 Summon Small Mammal      Summ           0%         N/A       50%         1
 Call Imp                 Summ           0%         N/A       65%         2
 Call Canine Familiar     Summ           0%         N/A       86%         3
 Mephitic Cloud           Conj/Pois/Air  0%         N/A       86%         3
 Summon Guardian Golem    Hex/Summ       0%         N/A       86%         3


Dungeon Overview and Level Annotations

Branches:
Dungeon (3/15)

Altars:


Innate Abilities, Weirdness & Mutations

You are too large for most types of armour.
You have claws for hands.
Your natural rate of healing is unusually fast.
You are covered in fur. (AC +1)
You have tough skin. (AC +1)


Message History

You hit the kobold but do no damage. The kobold barely misses you.
The ball python bites you but does no damage.
You barely miss the ball python.
The kobold hits you with a +1 dagger of venom.
You are poisoned.
The ball python bites you but does no damage.
You closely miss the ball python.
You feel very sick. The kobold hits you but does no damage.
You are more poisoned.
The ball python closely misses you.
The kobold hits you with a +1 dagger of venom.
You are more poisoned.
You closely miss the kobold.
You feel very sick.
The ball python bites you but does no damage.
The ball python barely misses you. The kobold hits you but does no damage.
You are more poisoned.
Unknown command.
You hit the kobold.
The kobold is severely wounded.
You feel extremely sick.
The ball python bites you but does no damage.
The kobold hits you with a +1 dagger of venom.
You are lethally poisoned!
You closely miss the kobold.
The kobold is severely wounded.
You feel extremely sick. The ball python closely misses you.
The kobold hits you but does no damage.
You are more poisoned.
The ball python bites you.
It was a potion of invisibility.
You fade into invisibility!
* * * LOW HITPOINT WARNING * * *
You feel extremely sick.
The kobold hits you with a +1 dagger of venom.
* * * LOW HITPOINT WARNING * * *
The ball python barely misses you.
It was a potion of haste.
You feel yourself speed up.
You die...

.# .# ?# ## .# ...
#.##. #..#.#..
#....."######
#.#..SK.....#
#####.#.#.####@####
..............>...#
........#.#.#.....#
.......#.#.#..####.#
......#.#.........#
#...#.###..######.#
#.......#..........
#.....#.#..########
###.#.#....#


You could see a ball python (unable to see you) and a kobold (unable to see
you).

Vanquished Creatures
  3 adders (D:2)
  A dart slug (D:1)
  3 endoplasms
  A giant cockroach (D:2)
  7 hobgoblins
  2 jackals (D:1)
  5 ball pythons (D:1)
  3 bats (D:2)
  A frilled lizard (D:2)
  4 goblins
  5 kobolds (D:1)
  3 rats
38 creatures vanquished.

Notes
Turn   | Place    | Note
-------+----------+-------------------------------------------
     0 | D:1      | cghgu1 the Troll Fighter began the quest for the Orb.
     0 | D:1      | Reached XP level 1. HP: 22/22 MP: 0/0
   360 | D:1      | Reached XP level 2. HP: 29/29 MP: 1/1
   470 | D:1      | Reached skill level 3 in Fighting
   564 | D:1      | Reached XP level 3. HP: 37/37 MP: 2/2
   903 | D:2      | Reached XP level 4. HP: 45/45 MP: 3/3
  1078 | D:3      | Succumbed to a kobold's poison

Illustrated notes

Levels and vault maps discovered:
D:1:      minmay_arrival_cross, layout_loops_corners,
          shapermc_ecumenical_altar_ellora, serial_park_tiny_2, st_stairs_11,
          minmay_close_crescents
D:2:      layout_basic
D:3:      cheibrodos_greedy_goblins, layout_basic, ebering_ghost_disaster_area,
          minmay_between, uniq_natasha

Skill      XL: |  1  2 |
---------------+-------+-----
Fighting       | 3 |  3.4
Polearms       | 2 |  2.6
Dodging        | |  2.4
Shields        | |  2.6

Action                   |  1- 3 |  4- 6 || total
-------------------------+-------+-------++-------
Melee: Trident           |   124 |    10 ||   134
  Use: Scroll            |     2 |     2 ||     4
       Potion            |     1 |     2 ||     3
Armor: Robe              |    47 |     9 ||    56
Dodge: Dodged            |    52 |     7 ||    59
Block: Kite shield       |    17 |       ||    17
